 Dungeon Crawl Stone Soup version 0.30.1-6-gbe392663c4 (webtiles) character file.

Game seed: 8060996469711604493

8569 Kurtz the Severer (level 11, -7/67 HPs)
             Began as a Tengu Fighter on Sept 20, 2023.
             Was a Believer of Okawaru.
             Mangled by a freezing wraith (9 damage)
             ... led by a death knight
             ... on level 9 of the Dungeon.
             The game lasted 00:12:04 (9000 turns).

Kurtz the Severer (Tengu Fighter)                   Turns: 9000, Time: 00:12:04

Health: -7/67      AC:  9    Str: 20    XL:     11   Next: 32%
Magic:  13/13      EV: 13    Int:  9    God:    Okawaru [**....]
Gold:   410        SH:  5    Dex: 14    Spells: 10/10 levels left

rFire   + . .        R - +3 war axe
rCold   . . .        c - +0 buckler
rNeg    + . .        P - +1 scale mail {rF+}
rPois   .            (helmet restricted)
rElec   .            (no cloak)
rCorr   .            (no gloves)
SInv    .            (boots unavailable)
Will    .....        i - amulet of regeneration Stlth
                     o - ring of positive energy
HPRegen 1.11/turn    (no ring)
MPRegen 0.13/turn

%: no passive effects
@: flying quickly and evasively, quick
A: beak, talons 3, nimble flight
a: Renounce Religion, Heroism


You were on level 9 of the Dungeon.
You worshipped Okawaru.
Okawaru was pleased with you.
You visited 2 branches of the dungeon, and saw 10 of its levels.
You also visited: Sewer and Ossuary.

You collected 475 gold pieces.
You spent 65 gold pieces at shops.

Inventory:

Hand Weapons
 F - a +1 flail of holy wrath
 I - a +3 spear of freezing
 K - a +1 flail of protection
 R - a +3 war axe (weapon)
Missiles
 x - 9 javelins
 y - 50 poisoned darts
 Q - 3 curare-tipped darts (quivered)
Armour
 c - a +0 buckler (worn)
 d - a +0 chain mail
 B - a +0 buckler
 P - a +1 scale mail of fire resistance (worn)
Jewellery
 i - an amulet of regeneration (around neck)
 o - a ring of positive energy (left hand)
 z - a ring of ice
 M - a ring of see invisible
Wands
 w - a wand of mindburst (1)
Scrolls
 j - 3 scrolls of fog
 n - 3 scrolls of torment
 p - 5 scrolls of poison
 q - 3 scrolls of enchant armour
 t - 3 scrolls of enchant weapon
 u - 2 scrolls of vulnerability
 v - 2 scrolls of amnesia
 A - a scroll of blinking
 D - 7 scrolls of teleportation
 E - 3 scrolls of fear
 J - 3 scrolls of noise {unknown}
 L - 2 scrolls of immolation {unknown}
 O - 3 scrolls of magic mapping {unknown}
 S - 4 scrolls of identify
Potions
 a - a potion of flight {unknown}
 e - 5 potions of mutation
 f - 7 potions of curing
 g - 2 potions of invisibility
 h - 5 potions of brilliance
 k - a potion of berserk rage
 l - 3 potions of magic {unknown}
 m - 2 potions of cancellation {unknown}
 r - 2 potions of might
 s - 2 potions of ambrosia {unknown}
 C - 2 potions of heal wounds
 G - 3 potions of haste {unknown}
 H - 2 potions of attraction {unknown}
 N - a potion of lignification {unknown}


   Skills:
 * Level 7.0 Fighting
 * Level 15.0 Axes
 * Level 8.1 Armour
 * Level 4.0 Dodging
 - Level 3.0 Shields
 * Level 2.3 Invocations


You had 10 spell levels left.
You didn't know any spells.
Your spell library contained the following spells:

 Spells                   Type           Power      Damage    Failure   Level
 Blink                    Tloc           0%         N/A       88%         2
 Lesser Beckoning         Tloc           0%         N/A       88%         2
 Momentum Strike          Conj/Tloc      0%         3d8       88%         2
 Poisonous Vapours        Pois/Air       0%         N/A       88%         2
 Mephitic Cloud           Conj/Pois/Air  0%         N/A       98%         3
 Volatile Blastmotes      Fire/Tloc      0%         2d10      98%         3
 Fulminant Prism          Conj/Hex       0%         3d5       100%        4
 Iskenderun's Mystic Bla  Conj/Tloc      0%         2d3       100%        4
 Freezing Cloud           Conj/Ice/Air   0%         6-21      100%        5
 Lee's Rapid Deconstruct  Erth           0%         3d4*      100%        5


Dungeon Overview and Level Annotations

Branches:
Dungeon (9/15)             Temple (1/1) D:7            Lair (0/5) D:8
  Sewer (visited)         Ossuary (visited)
    Orc: D:9-12

Altars:
Cheibriados
Dithmenos
Elyvilon
Fedhas
Hepliaklqana
Kikubaaqudgha
Makhleb
Nemelex Xobeh
Okawaru
Qazlal
Ru
Sif Muna
Trog
Uskayaw
Vehumet
Wu Jian
Xom
Yredelemnul
Zin
The Shining One

Shops:
D:2 *(:   D:8 :

Annotations:
D:3 1 runed translucent door, chicagocrazy's ghost, amateur DsFi
D:4 2 transporters


Innate Abilities, Weirdness & Mutations

You have a beak for a mouth.
You have claws for feet.
Your magical nature lets you fly swiftly and evasively.


Message History

The death knight is almost dead.
You closely miss the death knight. You claw the death knight!
The death knight is almost dead.
The death knight hits you with a +2 battleaxe!
* * * LOW HITPOINT WARNING * * *
You hit the death knight.
You kill the death knight!
Okawaru is honoured by your kill.
Your base Fighting skill increases to level 7!
Your base Axes skill increases to level 15!
Your base Dodging skill increases to level 4!
Unknown command.
l - 3 glowing coppery potions (gained 1)
O - 3 scrolls labelled BUGHIA NAXITU (gained 1)
Things that are here:
a +2 battleaxe; a +0 chain mail You start resting.
You feel a strong urge to attack something.
You start resting.
You feel your anger nearly subside.
You are no longer berserk.
You are exhausted.
You feel yourself slow down.
There is a stone staircase leading down, spattered with blood here.
You see here a +0 scale mail.
You start resting.
You feel like a meek peon again.
You start resting.
You feel yourself speed up.
You start resting.
You recover from your berserk rage.
You fly downwards.
The freezing wraith hits you. The freezing wraith freezes you!
The freezing wraith barely misses you. The freezing wraith closely misses you.
The freezing wraith hits you. The freezing wraith hits you!
The freezing wraith freezes you!
* * * LOW HITPOINT WARNING * * *
The freezing wraith completely misses you.
The freezing wraith hits you!
* * * LOW HITPOINT WARNING * * *
The freezing wraith freezes you!
You die...

######.###........ ...
#......#.#.WW..#
#......#.#......
#######......#..p.....
#.....####'#.#...W#..#
+##.###).....#.#........
........))##.#.#........
.#....)))..W.###.......#
...........@..W..#..#...
...........W..#..# .#
.#.......#.......# #
...................
####################


You could see 3 freezing wraiths.

Vanquished Creatures
  A death knight (D:8)
  A two-headed ogre (D:9)
  A rime drake (D:8)
  A polar bear (D:8)
  Grinder (D:4)
  Prince Ribbit (D:7)
  Sigmund (D:5)
  A wraith (D:9)
  2 wyverns
  Eustachio (D:5)
  Menkaure (D:6)
  2 water moccasins
  Edmund (D:6)
  An acid dragon (D:9)
  3 orc warriors
  5 ice beasts
  A sky beast (D:7)
  2 wolves (D:7)
  5 centaurs
  4 ogres
  A phantom (D:6)
  4 bullfrogs
  6 kobold brigands
  Blork the orc (D:5)
  2 water moccasin zombies (Ossuary)
  A gnoll sergeant (D:9)
  A scorpion (D:6)
  4 wyvern zombies (Ossuary)
  8 wights
  4 killer bees (D:9)
  A howler monkey (D:8)
  A crimson imp (D:7)
  8 centaur zombies (Ossuary)
  8 bullfrog zombies (Ossuary)
  A jelly (D:4)
  2 orc priests
  Jessica (D:2)
  A sleepcap (D:6)
  5 iguanas
  8 orc wizards
  2 killer bee zombies (Ossuary)
  11 mummies (Ossuary)
  A howler monkey zombie (Ossuary)
  8 gnolls
  11 adders
  A shadow imp (D:8)
  A white imp (D:7)
  5 worms
  4 dart slugs
  35 orcs
  13 ball pythons
  7 bats
  6 endoplasms
  7 giant cockroaches
  12 goblins
  10 hobgoblins
  3 jackals (D:4)
  5 quokkas
  3 frilled lizards (D:2)
  A gnoll zombie (D:6)
  25 kobolds
  11 rats
286 creatures vanquished.

Notes
Turn   | Place    | Note
-------+----------+-------------------------------------------
     0 | D:1      | Kurtz the Tengu Fighter began the quest for the Orb.
     0 | D:1      | Reached XP level 1. HP: 14/14 MP: 2/2
    80 | D:1      | Reached skill level 3 in Axes
    80 | D:1      | Reached XP level 2. HP: 11/19 MP: 3/3
   279 | D:1      | Reached XP level 3. HP: 19/23 MP: 4/4
   512 | D:1      | Reached skill level 4 in Axes
   631 | D:2      | Noticed Jessica
   642 | D:2      | Reached XP level 4. HP: 25/28 MP: 5/5
   643 | D:2      | Killed Jessica
   644 | D:2      | Reached skill level 5 in Axes
   679 | D:2      | Found Nufutec's Antique Weapon Emporium.
   710 | D:2      | Identified the +3 leather armour of Slovenliness {Harm
                  | rElec Int-2 Slay+3}
   785 | D:2      | Found Kesaur Nies's Book Emporium.
   855 | D:2      | Found Vuticves's General Store.
   868 | D:2      | Bought a potion of berserk rage for 65 gold pieces
   977 | D:2      | Gained mutation: Your magical nature lets you fly swiftly
                  | and evasively. [Tengu growth]
   977 | D:2      | Reached XP level 5. HP: 26/32 MP: 6/6
  1139 | D:2      | Found a blossoming altar of Fedhas.
  1273 | D:3      | Noticed an orc warrior
  1280 | D:3      | Killed an orc warrior
  1281 | D:3      | Reached skill level 6 in Axes
  1281 | D:3      | Reached XP level 6. HP: 34/37 MP: 7/7
  1550 | D:3      | Reached skill level 7 in Axes
  1687 | D:3      | Found a shadowy altar of Dithmenos.
  1922 | D:3      | Found a runed translucent door.
  1923 | D:3      | Noticed chicagocrazy's ghost (amateur DsFi)
  2235 | D:4      | Found a transporter.
  2236 | D:4      | Noticed a yak
  2236 | D:4      | Noticed a yak
  2240 | D:4      | Noticed a steam dragon
  2251 | D:4      | Found a transporter.
  2258 | D:4      | Found a shimmering blue altar of Sif Muna.
  2328 | D:4      | Noticed Grinder
  2333 | D:4      | Paralysed by Grinder for 3 turns
  2343 | D:4      | Killed Grinder
  2344 | D:4      | Reached skill level 8 in Axes
  2344 | D:4      | Reached XP level 7. HP: 26/41 MP: 8/8
  2828 | D:4      | Reached skill level 9 in Axes
  3126 | D:5      | Entered Level 5 of the Dungeon
  3147 | D:5      | Noticed Eustachio
  3157 | D:5      | Killed Eustachio
  3183 | D:5      | Reached XP level 8. HP: 32/46 MP: 9/9
  3187 | D:5      | Reached skill level 10 in Axes
  3192 | D:5      | HP: 2/45 [wight/+3 battleaxe (1)]
  3378 | D:5      | Noticed Blork the orc
  3387 | D:5      | Killed Blork the orc
  3512 | D:5      | Found a sacrificial altar of Ru.
  3706 | D:5      | Found a glowing drain.
  3712 | Sewer    | Entered a sewer
  3993 | Sewer    | Reached skill level 11 in Axes
  4386 | D:5      | Found a blossoming altar of Fedhas.
  4441 | D:5      | Noticed Sigmund
  4448 | D:5      | Killed Sigmund
  4449 | D:5      | Reached skill level 12 in Axes
  4460 | D:5      | Found a hazy altar of Hepliaklqana.
  4468 | D:5      | Reached XP level 9. HP: 16/50 MP: 10/10
  4809 | D:6      | Found a sand-covered staircase.
  4812 | D:6      | Noticed Edmund
  4844 | D:6      | Killed Edmund
  4883 | Ossuary  | Entered an ossuary
  4916 | Ossuary  | Reached skill level 13 in Axes
  5066 | Ossuary  | Reached skill level 1 in Dodging
  5253 | Ossuary  | Reached skill level 14 in Axes
  5545 | D:6      | Reached XP level 10. HP: 53/56 MP: 11/11
  5603 | D:6      | Noticed Menkaure
  5609 | D:6      | Killed Menkaure
  5866 | D:7      | Reached skill level 5 in Armour
  5956 | D:7      | Found a snail-covered altar of Cheibriados.
  6010 | D:7      | Found a white marble altar of Elyvilon.
  6499 | D:7      | Noticed Prince Ribbit
  6509 | D:7      | Found a staircase to the Ecumenical Temple.
  6523 | Temple   | Entered the Ecumenical Temple
  6568 | Temple   | Became a worshipper of Warmaster Okawaru
  6647 | D:7      | Killed Prince Ribbit
  6648 | D:7      | Reached skill level 5 in Fighting
  6966 | D:7      | Found a radiant altar of Vehumet.
  6967 | D:7      | Found a burning altar of Makhleb.
  7422 | D:7      | Reached skill level 1 in Invocations
  7447 | D:7      | Reached * piety under Okawaru
  7726 | D:8      | Found a bloodstained altar of Trog.
  7766 | D:8      | Found a staircase to the Lair.
  8110 | D:8      | Found Xoneewne's Vocational Training.
  8287 | D:9      | Reached ** piety under Okawaru
  8288 | D:9      | Reached XP level 11. HP: 57/66 MP: 13/13
  8662 | D:9      | Noticed a two-headed ogre
  8680 | D:9      | Killed a two-headed ogre
  8779 | D:9      | Found a glowing golden altar of the Shining One.
  8951 | D:9      | Noticed a death knight
  8971 | D:8      | Killed a death knight
  8972 | D:8      | Reached skill level 15 in Axes
  9000 | D:9      | HP: 2/67 [freezing wraith[a death knight] (8)]
  9000 | D:9      | Mangled by a freezing wraith

Illustrated notes

Levels and vault maps discovered:
D:1:      dpeg_arrival_oval, layout_rooms
D:2:      layout_basic, serial_shops, nicolae_shop_dealshenge,
          nicolae_shop_statue_plus, shop_fountains, basic_altar,
          grunt_ministairs_12, st_stairs_10, minmay_close_crescents,
          uniq_jessica
D:3:      layout_loops_ring, lemuel_doored_altar, gammafunk_ghost_grave
D:4:      layout_gridville, gammafunk_temple_overflow_arena, uniq_grinder
D:5:      layout_gridville, mainiacjoe_overflow_alcove_2, lemuel_round_altar,
          mainiacjoe_overflow_surrounded_room, gup_sewer_entry_bubbles,
          uniq_eustachio, uniq_sigmund, uniq_blork_the_orc
D:6:      layout_loops_cross, enter_ossuary_3, uniq_edmund, uniq_menkaure
D:7:      layout_gridville, grunt_temple_overflow_lords_of_destruction,
          cheibrodos_worm_habitat, nicolae_elyvilon_peaceful_grove,
          minmay_temple_entry_large_hall, st_stairs_13, uniq_prince_ribbit1
D:8:      layout_rooms, lightli_temple_of_fire, hellmonk_lair_entry_icy,
          nicolae_shop_vocational
D:9:      layout_stronghold, tso_oasis_becter, serial_shops, nicolae_shop_trees,
          chequers_serial_rivers_room_a, serial_park_tiny_1
Temple:   nicolae_temple_two_arcs

Skill      XL: |  1  2  3  4  5  6  7  8  9 10 11 |
---------------+----------------------------------+-----
Axes           | 3 4 5 6 8 9 12 14 15 | 15.0
Dodging        | 2 3 4 |  4.0
Armour         | 4 7 8 |  8.1
Fighting       | 4 6 7 |  7.0
Invocations    | 1 2 |  2.3
Shields        | |  3.0

Action                     |  1- 3 |  4- 6 |  7- 9 | 10-12 || total
---------------------------+-------+-------+-------+-------++-------
  Melee: War axe           |    71 |   106 |   151 |   154 ||   482
         Peck              |    12 |    17 |    92 |    55 ||   176
         Kick              |    14 |    12 |   134 |    87 ||   247
         Flail             |       |       |   169 |   157 ||   326
         Spear             |       |       |    37 |       ||    37
  Throw: Dart              |       |       |       |     3 ||     3
         Javelin           |       |       |       |     1 ||     1
 Invoke: Heroism           |       |       |       |     1 ||     1
  Evoke: Wand              |       |     2 |     5 |     5 ||    12
    Use: Potion            |       |     1 |       |     1 ||     2
         Scroll            |       |       |    11 |     4 ||    15
 Armour: Scale mail        |    31 |    19 |       |       ||    50
         Chain mail        |       |    20 |   127 |   112 ||   259
  Dodge: Dodged            |    25 |    37 |    82 |   117 ||   261
  Block: Buckler           |    16 |    27 |    62 |    71 ||   176
